Map: Abyssal Reef LE

Players

Nerchio

  • Race: Zerg Zerg
  • Spawn Location: 5:00

PiLiPiLi - Winner!

  • Race: Protoss Protoss
  • Spawn Location: 11:00

Event: IEM XI Katowice - World Championship 2017

VOD

Have the link to the VOD?

Description

Time

  • Played on: March 3, 2017, 9:31 a.m.
  • Length: 11:48

All games in this series

Show
View Real Time Build Order
Export as new Build Order

Nerchio Zerg 

Build Orders: Hatch First 

Get SALT Encoding   

  12  0:00  Drone  
  13  0:12  Overlord  
  13  0:17  Drone  
  14  0:31  Drone x2  
  14  0:34  Drone  
  17  0:53  Hatchery  
  17  0:55  Drone  
  17  0:59  Drone  
  18  1:06  Extractor  
  17  1:15  Spawning Pool  
  17  1:18  Drone  
  17  1:21  Drone  
  18  1:28  Drone  
  19  1:38  Overlord  
  19  1:50  Drone  
  20  2:01  Queen  
  20  2:02  Zergling x2  
  20  2:05  Queen  
  20  2:08  Metabolic Boost  
  25  2:12  Drone  
  26  2:15  Drone  
  26  2:18  Drone  
  28  2:23  Drone  
  28  2:26  Zergling x2  
  30  2:41  Hatchery  
  30  2:42  Drone  
  30  2:45  Drone  
  30  2:48  Drone  
  32  2:52  Overlord  
  32  2:55  Drone  
  33  2:59  Drone  
  33  3:03  Queen  
  35  3:12  Drone x3  
  38  3:13  Drone  
  38  3:15  Drone  
  38  3:17  Drone  
  41  3:20  Overlord  
  41  3:23  Drone  
  41  3:25  Drone  
  43  3:38  Drone  
  43  3:39  Roach Warren, Drone x2  
  45  3:42  Drone x3  
  45  3:47  Overlord  
  48  3:52  Lair  
  48  3:54  Drone x2  
  48  3:55  Extractor  
  48  3:56  Drone  
  48  4:00  Spore Crawler  
  48  4:04  Evolution Chamber  
  48  4:05  Zergling x2  
  47  4:11  Drone x3  
  47  4:15  Drone x2  
  49  4:17  Drone  
  49  4:19  Drone  
  49  4:21  Drone  
  49  4:23  Drone  
  51  4:24  Drone  
  51  4:27  Drone  
  51  4:28  Drone  
  51  4:29  Drone  
  55  4:34  Spore Crawler  
  55  4:35  Drone x2  
  56  4:40  Zerg Melee Weapons Level 1  
  56  4:42  Overlord  
  56  4:46  Drone x2  
  56  4:49  Overlord, Drone  
  60  4:52  Drone  
  60  4:53  Drone  
  60  4:56  Hydralisk Den  
  60  4:58  Overlord  
  59  5:03  Zergling x8  
  63  5:09  Glial Reconstitution  
  63  5:11  Roach x2  
  63  5:13  Extractor  
  66  5:14  Extractor  
  66  5:15  Extractor  
  66  5:18  Overseer  
  64  5:25  Zergling x2  
  64  5:26  Zergling x20  
  75  5:30  Drone  
  75  5:31  Drone x2  
  75  5:32  Drone x2  
  80  5:39  Overlord  
  80  5:40  Drone  
  80  5:41  Drone  
  82  5:48  Drone  
  83  5:52  Drone x2  
  83  5:55  Overlord  
  83  5:56  Drone x2  
  83  5:57  Drone  
  88  6:02  Drone x4  
  92  6:06  Hatchery, Extractor  
  92  6:07  Spire  
  92  6:08  Drone  
  92  6:09  Drone  
  91  6:12  Overlord  
  91  6:14  Overlord  
  91  6:16  Overlord  
  91  6:19  Drone  
  91  6:20  Drone  
  93  6:30  Hatchery  
  93  6:32  Drone x5  
  97  6:39  Drone  
  99  6:40  Drone x3  
  99  6:41  Drone  
  99  6:42  Drone  
  99  6:45  Zerg Melee Weapons Level 2  
  104  6:47  Drone  
  104  6:50  Overlord  
  104  6:54  Queen  
  104  6:55  Extractor  
  104  6:57  Extractor  
  104  7:02  Overlord  
  104  7:11  Spire  
  104  7:14  Zergling x20  
  104  7:15  Zergling x2  
  112  7:24  Zerg Flyer Armor Level 1  
  112  7:26  Corruptor x2  
  112  7:29  Corruptor  
  118  7:31  Corruptor  
  118  7:32  Drone  
  118  7:36  Corruptor  
  121  7:39  Drone x4  
  121  7:40  Drone  
  121  7:41  Overseer  
  128  7:44  Corruptor  
  128  7:47  Corruptor  
  128  7:49  Overlord  
  132  7:51  Overlord  
  131  8:12  Drone x4  
  130  8:19  Mutalisk x5  
  134  8:22  Mutalisk x3  
  134  8:26  Mutalisk  
  134  8:27  Mutalisk x3  
  141  8:28  Mutalisk  
  141  8:31  Extractor, Drone x2  
  141  8:32  Extractor, Drone x4  
  155  8:36  Queen, Zerg Flyer Weapons Level 1  
  155  8:38  Overlord  
  155  8:40  Mutalisk  
  159  8:43  Drone x3  
  159  8:44  Drone  
  159  8:46  Overlord  
  163  8:50  Overlord x2  
  163  8:53  Overlord  
  160  9:02  Drone  
  158  9:03  Spore Crawler, Drone x4  
  158  9:04  Infestation Pit  
  158  9:05  Corruptor  
  159  9:10  Corruptor  
  159  9:11  Corruptor  
  161  9:20  Corruptor x4  
  161  9:23  Corruptor  
  171  9:26  Corruptor  
  171  9:30  Zerg Flyer Armor Level 2  
  173  9:32  Corruptor  
  173  9:37  Corruptor  
  177  9:48  Corruptor x2  
  177  9:49  Overlord  
  177  9:50  Overlord  
  181  9:55  Hatchery, Overlord  
  181  9:56  Overlord  
  181  9:59  Overlord  
  176  10:00  Corruptor  
  176  10:01  Corruptor  
  176  10:03  Overlord  
  176  10:05  Overlord x2  
  180  10:07  Overlord  
  180  10:11  Corruptor x2  
  178  10:20  Corruptor x3  
  182  10:26  Zergling x14  
  182  10:27  Zergling x2  
  189  10:29  Zergling x4  
  189  10:30  Zergling x2  
  189  10:32  Zergling x4  
  189  10:33  Zergling x4  
  189  10:34  Zergling x2  
  189  10:35  Zergling x2  
  185  10:46  Corruptor x4  
  165  10:52  Corruptor x2  
  165  10:53  Corruptor  
  165  10:56  Corruptor  
  155  11:00  Queen x2  
  155  11:03  Corruptor  
  139  11:08  Corruptor  
  139  11:09  Corruptor  
  137  11:12  Corruptor  
  137  11:17  Corruptor  
Show
View Real Time Build Order
Export as new Build Order

PiLiPiLi Protoss - Winner!

Build Orders: 1 Gate Expand, Oracle Opening 

Get SALT Encoding   

  12  0:01  Probe (Chrono Boost)  
  13  0:11  Probe (Chrono Boost)  
  14  0:21  Pylon  
  14  0:22  Probe (Chrono Boost)  
  15  0:39  Probe (Chrono Boost)  
  15  0:40  Gateway  
  16  0:45  Assimilator  
  17  0:50  Probe (Chrono Boost)  
  17  1:00  Probe (Chrono Boost)  
  18  1:11  Probe (Chrono Boost)  
  19  1:20  Nexus  
  19  1:23  Probe (Chrono Boost)  
  20  1:33  Cybernetics Core  
  20  1:36  Probe (Chrono Boost)  
  21  1:43  Assimilator  
  22  1:47  Probe (Chrono Boost)  
  22  1:54  Pylon  
  22  1:57  Probe (Chrono Boost)  
  23  2:02  Warp Gate  
  23  2:09  Adept  
  23  2:14  Probe (Chrono Boost)  
  26  2:26  Probe (Chrono Boost)  
  27  2:33  Stargate, Probe (Chrono Boost)  
  27  2:35  Adept  
  29  2:38  Probe (Chrono Boost)  
  29  2:43  Probe (Chrono Boost)  
  32  2:53  Probe (Chrono Boost)  
  32  2:55  Probe (Chrono Boost)  
  34  3:05  Probe (Chrono Boost)  
  35  3:07  Probe (Chrono Boost)  
  35  3:11  Oracle  
  36  3:15  Gateway  
  36  3:17  Probe (Chrono Boost)  
  36  3:19  Probe (Chrono Boost)  
  41  3:22  Gateway  
  41  3:25  Pylon  
  41  3:29  Probe (Chrono Boost)  
  41  3:33  Mothership Core (Chrono Boost)  
  44  3:41  Probe (Chrono Boost)  
  45  3:50  Pylon  
  45  3:53  Probe x2 (Chrono Boost)  
  47  3:58  Nexus  
  47  4:01  Pylon  
  47  4:04  Probe (Chrono Boost)  
  47  4:05  Probe (Chrono Boost)  
  50  4:17  Probe (Chrono Boost)  
  50  4:22  Probe (Chrono Boost)  
  50  4:24  Assimilator, Adept x2  
  53  4:26  Assimilator  
  53  4:27  Phoenix  
  53  4:29  Probe (Chrono Boost)  
  53  4:30  Pylon  
  58  4:32  Probe (Chrono Boost)  
  59  4:41  Probe (Chrono Boost)  
  59  4:43  Probe (Chrono Boost)  
  59  4:44  Adept x3  
  68  4:53  Probe (Chrono Boost)  
  68  4:54  Probe (Chrono Boost)  
  69  5:04  Probe (Chrono Boost)  
  69  5:05  Stargate, Fleet Beacon  
  69  5:06  Probe (Chrono Boost)  
  71  5:09  Assimilator  
  71  5:11  Probe (Chrono Boost)  
  71  5:14  Assimilator  
  72  5:15  Probe (Chrono Boost)  
  72  5:18  Probe (Chrono Boost)  
  74  5:21  Probe (Chrono Boost)  
  74  5:22  Stargate  
  74  5:25  Probe (Chrono Boost)  
  76  5:31  Probe (Chrono Boost)  
  76  5:32  Probe (Chrono Boost)  
  78  5:40  Probe (Chrono Boost)  
  80  5:43  Probe (Chrono Boost)  
  80  5:48  Probe (Chrono Boost)  
  81  5:51  Carrier  
  82  5:58  Probe (Chrono Boost)  
  82  6:00  Protoss Air Weapons Level 1  
  82  6:03  Probe (Chrono Boost)  
  82  6:04  Probe (Chrono Boost)  
  90  6:13  Zealot, Probe (Chrono Boost)  
  90  6:15  Pylon  
  90  6:17  Pylon  
  93  6:21  Pylon  
  93  6:24  Carrier, Probe (Chrono Boost)  
  91  6:25  Carrier  
  91  6:28  Probe (Chrono Boost), Forge  
  91  6:31  Pylon  
  104  6:42  Stargate  
  104  6:43  Graviton Catapult  
  104  6:49  Pylon  
  104  6:53  Pylon  
  104  6:55  Adept x2  
  104  6:56  Adept  
  104  6:59  Pylon  
  110  7:05  Photon Cannon  
  110  7:07  Photon Cannon  
  110  7:14  Photon Cannon  
  110  7:15  Photon Cannon  
  110  7:18  Phoenix  
  112  7:31  Phoenix  
  112  7:33  Stargate  
  114  7:37  Photon Cannon  
  114  7:38  Pylon  
  114  7:40  Phoenix  
  124  7:59  Void Ray x2  
  124  8:10  Void Ray  
  124  8:16  Void Ray  
  124  8:17  Void Ray  
  128  8:20  Pylon  
  128  8:26  Photon Cannon  
  116  8:30  Photon Cannon  
  116  8:36  Pylon, Photon Cannon, Void Ray  
  116  8:37  Void Ray, Protoss Air Weapons Level 2  
  116  8:47  Void Ray  
  116  8:48  Photon Cannon  
  127  8:59  Void Ray  
  131  9:03  Void Ray  
  135  9:14  Void Ray  
  135  9:15  Stalker x3  
  140  9:21  Photon Cannon, Void Ray  
  140  9:22  Photon Cannon  
  148  9:35  Void Ray  
  148  9:42  Void Ray  
  156  9:49  Nexus  
  156  9:52  Pylon  
  155  9:54  Pylon  
  155  9:56  Probe x2 (Chrono Boost), Void Ray  
  157  10:00  Void Ray  
  157  10:03  Probe (Chrono Boost)  
  154  10:15  Void Ray  
  154  10:16  Photon Cannon  
  154  10:17  Void Ray, Photon Cannon  
  154  10:18  Photon Cannon  
  154  10:20  Photon Cannon  
  154  10:21  Pylon  
  162  10:39  Void Ray  
  154  10:46  Void Ray  
  132  10:55  Void Ray  
  136  11:00  Void Ray  
  135  11:11  Adept x3  
  133  11:32  Photon Cannon x2  
  141  11:34  Photon Cannon  

Tags
 
Add a new tag
Caveats
  • Supply blocks, unpowered buildings, or Contaminate may cause inaccurate times.
  • Supply counts are checked every 10 seconds.